AoeStats
← fixgamesdp

Arabia

510318504Analyzed
1v1 RM · 24h ago on Sep 30, 2026· 27m 50s· 2 players
Game mode
Random Map
Map size
Tiny (2 player)
Population
200
Speed
Normal
Resources
Standard
Victory
Conquest
Starting age
Dark Age
Ending age
Imperial Age
RankedLock teamsTeams togetherTeam positionsShared explorationLock speedFull tech treeHidden civsTurbo modeCheats
Victory
Defeat
🇵🇪 Sicilians · Peru
465
+8
🇦🇷 Sicilians · Argentina
264
-8
fixgamesdp
LUMALI
11:38 Feudal Age
13:43 Man-at-Arms
17:29 Loom
18:47 Double-Bit Axe
22:18 Forging
22:08 Scale Mail Armor
26:40 Bloodlines
28:35 Castle Age
Connection lost

Rejoining the realm…

Still unreachable

The connection could not be restored.

Session expired

The server has moved on; the page needs a fresh start.